 Dungeon Crawl Stone Soup version 0.27.1-15-g792fb953b9 (webtiles) character file.

Game seed: 1533960770887712395

159697 porpoise the Eclecticist (level 17, -6/96 HPs)
             Began as a Deep Elf Conjurer on Nov 18, 2021.
             Was a High Priest of Vehumet.
             Mangled by a wolf spider (15 damage)
             ... on level 3 of the Spider Nest on Nov 19, 2021.
             The game lasted 03:15:27 (34637 turns).

porpoise the Eclecticist (Deep Elf Conjurer)       Turns: 34637, Time: 03:15:29

Health: -6/96      AC:  8    Str: 11    XL:     17   Next: 16%
Magic:  6/48       EV: 16    Int: 28    God:    Vehumet [*****.]
Gold:   174        SH:  6    Dex: 13    Spells: 4/48 levels left

rFire    + + .     SeeInvis .   a - staff of fire
rCold    + . .     Faith    .   U - +1 buckler {AC+3}
rNeg     . . .     Spirit   .   A - +2 robe {rC+ rF+}
rPois    +         Reflect  .   D - +1 hat
rElec    .         Harm     .   f - +0 cloak
rCorr    .         Rampage  .   r - +0 pair of gloves of Hipn {Str+4}
Will     +....                  h - +1 pair of boots
Stlth    +++++.....             z - amulet of magic regeneration
HPRegen  0.26/turn              E - ring of poison resistance
MPRegen  0.56/turn              m - ring of magical power

@: corroded, slowed, very slow
A: no striking features
a: Renounce Religion


You were on level 3 of the Spider Nest.
You worshipped Vehumet.
Vehumet was extremely pleased with you.
You visited 5 branches of the dungeon, and saw 26 of its levels.
You visited the Abyss 1 time.
You also visited: Ice Cave and Volcano.

You collected 2670 gold pieces.
You spent 2496 gold pieces at shops.

Inventory:

Hand Weapons
 b - a +1 hunting sling of flaming
Missiles
 k - 182 sling bullets
 n - 4 datura-tipped darts
 u - 8 curare-tipped darts (quivered)
 R - 3 boomerangs of dispersal
Armour
 f - a +0 cloak (worn)
 h - a +1 pair of boots (worn)
 r - the +0 pair of gloves of Hipn (worn) {Str+4}
   (You found it on level 2 of the Lair of Beasts)

   Str:       It affects your strength (+4).
 A - a +2 robe of resistance (worn)
 D - a +1 hat (worn)
 J - a +2 kite shield of reflection
 U - a +1 buckler of protection (worn)
Magical Staves
 a - a staff of fire (weapon)
 p - a staff of earth
Jewellery
 m - a ring of magical power (right hand)
 q - a ring of ice
 s - a ring of ice
 z - an amulet of magic regeneration (around neck)
 E - a ring of poison resistance (left hand)
 Q - a ring of see invisible
Wands
 c - a wand of mindburst (23)
 B - a wand of flame (82)
 G - a wand of digging (6)
 I - a wand of iceblast (25)
 O - a wand of acid (32)
 T - a wand of paralysis (6)
Scrolls
 d - 5 scrolls of vulnerability
 o - a scroll of fog
 C - a scroll of enchant weapon
 H - a scroll of enchant armour
 K - a scroll of silence
 N - 5 scrolls of teleportation
 P - a scroll of identify
 V - 2 scrolls of summoning
 Y - a scroll of magic mapping
Potions
 e - 3 potions of curing
 g - 6 potions of cancellation
 i - 2 potions of magic
 j - 13 potions of ambrosia
 l - 3 potions of heal wounds
 t - 3 potions of lignification
 w - 2 potions of invisibility
 x - 3 potions of attraction
 F - 6 potions of haste
 L - a potion of brilliance
Miscellaneous
 v - a phial of floods
 y - a lightning rod (4/4)
 M - a piece from Xom's chessboard (15/15)
 S - a condenser vane
 X - a box of beasts


   Skills:
 - Level 7.0 Fighting
 - Level 9.0 Dodging
 - Level 12.0 Stealth
 - Level 4.0 Shields
 - Level 16.0 Spellcasting
 - Level 14.0 Conjurations
 - Level 14.0 Hexes
 - Level 9.0 Translocations
 - Level 12.0 Fire Magic
 + Level 7.0 Ice Magic
 + Level 7.1 Earth Magic
 - Level 7.0 Evocations


You had 4 spell levels left.
You knew the following spells:

 Your Spells              Type           Power      Damage    Failure   Level
a - Magic Dart            Conj           100%       1d8       0%          1
b - Searing Ray           Conj           100%       3d7       0%          2
c - Fulminant Prism       Conj/Hex       39%        3d18      1%          4
d - Iskenderun's Mystic   Conj/Tloc      72%        2d15      1%          4
e - Iron Shot             Conj/Erth      34%        9d7       1%          6
f - Fireball              Conj/Fire      48%        3d19      1%          5
o - Orb of Destruction    Conj           39%        9d13      1%          7
q - Iskenderun's Battles  Conj           79%        2d13      1%          5
s - Stone Arrow           Conj/Erth      100%       3d13      1%          3
z - Ozocubu's Refrigerat  Ice            29%        4d10      26%         7

Your spell library contained the following spells:

 Spells                   Type           Power      Damage    Failure   Level
 Yara's Violent Unravell  Hex/Tmut       28%        3d12      1%          5
 Corona                   Hex            87%        N/A       0%          1
 Dazzling Flash           Conj/Hex       100%       N/A       0%          3
 Ensorcelled Hibernation  Hex/Ice        100%       N/A       1%          2
 Static Discharge         Conj/Air       57%        N/A       1%          2
 Conjure Flame            Conj/Fire      97%        6-21      1%          3
 Ignite Poison            Fire/Tmut/Pois 61%        N/A       1%          3
 Mephitic Cloud           Conj/Pois/Air  48%        N/A       1%          3
 Tukima's Dance           Hex            79%        N/A       1%          3
 Sticky Flame             Conj/Fire      97%        2d11      1%          4
 Pain                     Necr           88%        1d8       2%          1
 Call Imp                 Summ           22%        N/A       3%          2
 Corpse Rot               Necr/Air       N/A        N/A       3%          2
 Animate Armour           Summ/Erth      84%        N/A       4%          4
 Animate Dead             Necr           11%        N/A       22%         4
 Dispel Undead            Necr           22%        3d12      22%         4
 Lightning Bolt           Conj/Air       28%        1d45      1%          5
 Conjure Ball Lightning   Conj/Air       28%        3x3d8     5%          6
 Lehudib's Crystal Spear  Conj/Erth      34%        10d9      41%         8
 Agony                    Necr           22%        N/A       52%         5
 Blade Hands              Tmut           11%        N/A       52%         5
 Excruciating Wounds      Necr           11%        N/A       52%         5
 Malign Gateway           Summ/Tloc      23%        N/A       96%         7
 Death Channel            Necr           11%        N/A       97%         6
 Maxwell's Capacitive Co  Air            11%        ∞         100%        8
 Summon Horrible Things   Summ           11%        N/A       100%        8


Dungeon Overview and Level Annotations

Branches:
Dungeon (15/15)            Temple (1/1) D:6            Lair (5/6) D:11
 Shoals (0/4) Lair:4       Spider (3/4) Lair:2          Orc (2/2) D:10
    Elf (0/3) Orc:2        Vaults (0/5) D:13         Depths (0/5) D:15
  IceCv (visited)         Volcano (visited)
  Slime: Lair:5-6

Altars:
Ashenzari
Cheibriados
Dithmenos
Elyvilon
Fedhas
Gozag
Kikubaaqudgha
Makhleb
Qazlal
Ru
Trog
Vehumet
Yredelemnul
Zin
The Shining One
Beogh

Shops:
D:3 =*!   D:7 *   D:12 *   D:14 *   Orc:2 !:[!

Annotations:
D:11 2 transporters, belegose's ghost, journeyman KoBe


Message History

The orb spider is knocked back by the mystic blast.
The mystic blast hits the moth of wrath!
The moth of wrath is heavily wounded.
The moth of wrath is knocked back by the mystic blast.
The mystic blast hits the wolf spider!
The wolf spider is almost dead.
The wolf spider is knocked back by the mystic blast.
The mystic blast hits the entropy weaver!
The entropy weaver is moderately wounded.
The entropy weaver is knocked back by the mystic blast.
The entropy weaver collides with the moth of wrath!
The mystic blast hits the jumping spider.
The jumping spider is heavily wounded.
The jumping spider is knocked back by the mystic blast.
The mystic blast hits the jumping spider.
The jumping spider is almost dead.
The jumping spider is knocked back by the mystic blast.
The jumping spider collides with the entropy weaver!
The mystic blast hits the demonic crawler!
The demonic crawler is severely wounded.
The demonic crawler is knocked back by the mystic blast.
The jumping spider leaps!
You block the jumping spider's attack.
The jumping spider bites you but does no damage.
The jumping spider leaps!
The moth of wrath goads the redback on!
The redback goes berserk!
The jumping spider barely misses you. You block the jumping spider's attack.
The entropy weaver casts a spell at you.
The entropic weave corrodes you!
A torpor snail comes into view.
Being near the torpor snail leaves you feeling lethargic.
You block the jumping spider's attack.
The jumping spider bites you but does no damage.
The jumping spider closely misses you. You block the jumping spider's attack.
The redback bites you!!
* * * LOW HITPOINT WARNING * * *
You block the jumping spider's attack. x2
The entropy weaver is caught in a web!
The redback barely misses you. The wolf spider hits you!
You die...

.....#s...#
...............s.#
..#...............(.
....................#
...^.................
....#.........w....s..
..........s..#.
.......sB.y....
.......@s..y...
..#..#sss......
............†..
...†..........#
).†..†.....#..#
.....†.^...# ##
......#...^#
!...######## .#$#


You could see an entropy weaver (webbed), a torpor snail, a demonic crawler, a
wolf spider, 2 moths of wrath, an orb spider, 2 jumping spiders and a redback
(berserk).

Vanquished Creatures
  Rupert (Orc:2)
  A sphinx (D:12)
  Donald (Spider:2)
  A ghost moth (Spider:2)
  2 emperor scorpions
  Louise (D:15)
  A quicksilver ooze (shapeshifter) (D:9)
  Nessos (D:15)
  A red draconian (Volcano)
  4 entropy weavers
  The ghost of tizbic2 the Cruncher, a journeyman DrGl of Makhleb (D:12)
  A fire dragon (D:14)
  7 hydras
  2 boulder beetles
  4 centaur warriors
  4 ogre magi (Orc:2)
  The ghost of Golfball the Cleaver, a novice MiFi of Okawaru (D:9)
  3 catoblepae
  3 two-headed ogres
  2 dancing weapons (D:13)
  Erica (D:9)
  A hell hog (Abyss:2)
  A tengu warrior (D:14)
  4 death yaks (Lair:5)
  Urug (D:13)
  Nergalle (Orc:2)
  A wretched star (D:15)
  A salamander mystic (Volcano)
  5 skeletal warriors (D:12)
  A wizard (D:15)
  A lindwurm (Lair:5)
  An orc knight (Orc:1)
  A necromancer (D:15)
  Pikel (D:4)
  4 oklob plants (Lair:2)
  An orb spider (shapeshifter) (D:13)
  2 deep elf pyromancers (D:13)
  15 wolf spiders
  7 orb spiders
  9 orc sorcerers
  2 moths of wrath
  16 ugly things
  A manticore (D:11)
  6 cyclopes
  5 salamanders (Volcano)
  6 black mambas
  Joseph (D:10)
  Maurice (D:9)
  A naga mage (D:15)
  3 ice statues (IceCv)
  An elephant (Lair:5)
  A merfolk siren (Lair:4)
  14 cane toads
  A torpor snail (Lair:4)
  Maggie (D:9)
  3 gargoyles
  3 kobold demonologists
  5 yaktaurs (D:15)
  An efreet (D:14)
  4 rime drakes
  A tormentor (D:15)
  8 komodo dragons
  6 demonic crawlers
  3 tengu conjurers
  6 meliai
  A queen bee (Lair:3)
  17 jumping spiders
  4 trolls
  A polar bear (Lair:3)
  A harpy skeleton (D:15)
  A hornet (Spider:3)
  Prince Ribbit (D:5)
  A meliai zombie (D:10)
  7 blink frogs
  5 slime creatures (D:14)
  2 centaur simulacra (D:15)
  2 spriggans (Lair:4)
  2 wraiths
  A dire elephant simulacrum (IceCv)
  34 redbacks
  16 tarantellas
  A vampire (D:12)
  6 wyverns
  45 yaks
  Grum (D:9)
  9 basilisks
  A death yak simulacrum (IceCv)
  5 vampire mosquitoes
  A harpy simulacrum (IceCv)
  3 wargs
  Edmund (D:5)
  11 water moccasins
  3 acid dragons
  14 orc warriors
  A necrophage (D:6)
  4 ogres
  22 wolves
  19 centaurs
  A phantom (D:6)
  8 kobold brigands
  3 lemures
  13 bullfrogs
  6 scorpions
  A gnoll sergeant (D:12)
  3 cane toad simulacra (IceCv)
  3 elephant simulacra (IceCv)
  48 killer bees
  10 wights
  A vampire bat (Lair:1)
  3 electric eels (Lair:1)
  2 howler monkeys
  5 centaur zombies
  3 hounds
  3 jellies
  A bullfrog zombie (D:5)
  3 bullfrog skeletons
  12 orc priests
  2 gnoll shamans
  3 centaur skeletons
  Jessica (D:3)
  7 iguanas
  30 orc wizards
  A wolf simulacrum (IceCv)
  A killer bee zombie (D:7)
  6 gnolls
  7 adders
  A shadow imp (D:4)
  A white imp (Abyss:2)
  4 ufetubi
  An adder skeleton (D:4)
  3 worms
  3 dart slugs
  62 orcs
  5 ball pythons
  7 bats
  6 endoplasms
  4 giant cockroaches
  2 goblins (D:1)
  5 hobgoblins
  4 frilled lizards
  27 kobolds
  2 rats
  A fulminant prism (D:9)
769 creatures vanquished.

Vanquished Creatures (others)
  A quokka (D:9)
  217 fulminant prisms
  46 fungi
  111 plants
375 creatures vanquished.

Grand Total: 1144 creatures vanquished

Notes
Turn   | Place    | Note
-------+----------+-------------------------------------------
     0 | D:1      | porpoise the Deep Elf Conjurer began the quest for the Orb.
     0 | D:1      | Reached XP level 1. HP: 10/10 MP: 6/6
   226 | D:1      | Reached XP level 2. HP: 15/15 MP: 4/8
   264 | D:1      | Learned a level 2 spell: Searing Ray
  1006 | D:2      | Reached skill level 4 in Spellcasting
  1137 | D:2      | You fall into a shaft and drop 1 floor!
  1142 | D:3      | Found Wagoib's Assorted Antiques.
  1144 | D:3      | Reached skill level 5 in Conjurations
  1144 | D:3      | Reached XP level 3. HP: 19/19 MP: 7/10
  1204 | D:3      | Found a faded altar of an unknown god.
  2085 | D:3      | Found Warocaco's Distillery.
  2099 | D:3      | Noticed Jessica
  2101 | D:3      | Killed Jessica
  2102 | D:3      | Reached XP level 4. HP: 24/24 MP: 7/12
  2426 | D:3      | Found Petuwk's Jewellery Shop.
  2488 | D:4      | Reached skill level 5 in Spellcasting
  2602 | D:4      | Reached XP level 5. HP: 28/28 MP: 6/14
  2608 | D:4      | Learned a level 4 spell: Fulminant Prism
  2613 | D:4      | Learned a level 4 spell: Iskenderun's Mystic Blast
  2806 | D:4      | Reached skill level 1 in Hexes
  2957 | D:4      | Reached skill level 6 in Spellcasting
  3140 | D:4      | Reached XP level 6. HP: 32/32 MP: 12/17
  3696 | D:5      | Entered Level 5 of the Dungeon
  3742 | D:5      | Noticed Pikel
  3774 | D:4      | HP: 1/32 [Pikel (2)]
  3775 | D:4      | Killed Pikel
  3776 | D:4      | Reached skill level 7 in Spellcasting
  3776 | D:4      | Reached skill level 1 in Translocations
  3776 | D:4      | Reached XP level 7. HP: 2/36 MP: 14/19
  4536 | D:5      | Noticed Edmund
  4553 | D:5      | Killed Edmund
  4554 | D:5      | Reached XP level 8. HP: 34/41 MP: 7/20
  4877 | D:5      | Noticed Prince Ribbit
  4884 | D:5      | Killed Prince Ribbit
  5536 | D:6      | Reached skill level 8 in Spellcasting
  5536 | D:6      | Reached skill level 5 in Translocations
  5701 | D:6      | Reached skill level 9 in Spellcasting
  5774 | D:6      | Reached skill level 1 in Fighting
  5838 | D:6      | Reached XP level 9. HP: 49/49 MP: 17/24
  5850 | D:6      | Reached skill level 10 in Spellcasting
  6051 | D:6      | Found a staircase to the Ecumenical Temple.
  6060 | Temple   | Entered the Ecumenical Temple
  6084 | Temple   | Became a worshipper of Vehumet
  6504 | D:7      | Found Caeruun's Assorted Antiques.
  6509 | D:7      | Bought a silvery potion for 20 gold pieces
  6509 | D:7      | Bought a fuming black potion for 20 gold pieces
  6509 | D:7      | Bought a scroll of identify for 46 gold pieces
  6509 | D:7      | Bought a fizzy yellow potion for 20 gold pieces
  6509 | D:7      | Bought a scroll labelled GIPRO BIFUYPP for 23 gold pieces
  6509 | D:7      | Bought a bone wand for 92 gold pieces
  6509 | D:7      | Bought a purple potion for 20 gold pieces
  7190 | D:8      | Noticed a two-headed ogre
  7196 | D:8      | Killed a two-headed ogre
  7197 | D:8      | Reached skill level 11 in Spellcasting
  7210 | D:8      | Reached skill level 5 in Fighting
  7367 | D:8      | Reached skill level 12 in Spellcasting
  7392 | D:8      | Reached * piety under Vehumet
  7392 | D:8      | Offered knowledge of Freeze by Vehumet.
  7431 | D:8      | Reached XP level 10. HP: 59/59 MP: 14/28
  8070 | D:9      | Found a bloodstained altar of Trog.
  8071 | D:9      | Found a blossoming altar of Fedhas.
  8084 | D:9      | Noticed Erica
  8094 | D:9      | Killed Erica
  8095 | D:9      | Reached skill level 5 in Dodging
  8223 | D:9      | Found a basalt altar of Yredelemnul.
  8249 | D:9      | Offered knowledge of Shock by Vehumet.
  8265 | D:9      | Found a white marble altar of Elyvilon.
  8270 | D:9      | Reached ** piety under Vehumet
  8321 | D:9      | Noticed Grum
  8334 | D:9      | Killed Grum
  8454 | D:9      | Noticed Maurice
  8458 | D:9      | Paralysed by something for 7 turns
  8459 | D:9      | Noticed Maggie
  8715 | D:9      | Found a runed translucent door.
  8736 | D:9      | Killed Maggie
  8737 | D:9      | Reached skill level 1 in Evocations
  8868 | D:9      | Found a shadowy altar of Dithmenos.
  8948 | D:9      | Noticed Golfball's ghost (novice MiFi)
  8950 | D:9      | Noticed a boulder beetle
  9017 | D:9      | Killed Maurice
  9208 | D:9      | Noticed an alligator
  9240 | D:10     | Entered Level 10 of the Dungeon
  9245 | D:10     | Noticed a gargoyle
  9258 | D:10     | Killed a gargoyle
  9649 | D:10     | Noticed Joseph
  9658 | D:10     | Killed Joseph
  9659 | D:10     | Reached XP level 11. HP: 34/63 MP: 20/29
  9981 | D:10     | Found a staircase to the Orcish Mines.
 10107 | D:10     | Reached skill level 5 in Evocations
 10337 | D:10     | Found a snail-covered altar of Cheibriados.
 10522 | D:11     | Noticed a skeletal warrior
 10531 | D:11     | Offered knowledge of Static Discharge by Vehumet.
 10548 | D:10     | Reached skill level 13 in Spellcasting
 11087 | D:11     | Found a staircase to the Lair.
 11337 | D:11     | Found a transporter.
 11337 | D:11     | Noticed belegose's ghost (journeyman KoBe)
 11395 | D:11     | Found a transporter.
 11490 | D:12     | Identified a scroll of acquirement
 11490 | D:12     | Acquired a book of the Spheres
 11498 | D:12     | Learned a level 5 spell: Iskenderun's Battlesphere
 11504 | D:12     | Learned a level 5 spell: Fireball
 11673 | D:12     | Reached skill level 5 in Stealth
 11769 | D:12     | Noticed a skeletal warrior
 11778 | D:12     | Killed a skeletal warrior
 11793 | D:12     | Noticed a skeletal warrior
 11794 | D:12     | Noticed a skeletal warrior
 11800 | D:12     | Killed a skeletal warrior
 11800 | D:12     | Reached *** piety under Vehumet
 11801 | D:12     | Reached skill level 14 in Spellcasting
 11801 | D:12     | Noticed a skeletal warrior
 11802 | D:12     | Noticed a skeletal warrior
 11803 | D:12     | Killed a skeletal warrior
 11804 | D:12     | Reached skill level 1 in Fire Magic
 11946 | D:12     | Killed a skeletal warrior
 12175 | D:12     | Killed a skeletal warrior
 12366 | D:12     | Found a runed translucent gate.
 12367 | D:12     | Found a runed translucent gate.
 12368 | D:12     | Found a runed translucent gate.
 12369 | D:12     | Found an opulent altar of Gozag.
 12370 | D:12     | Found Quluw's Assorted Antiques.
 12370 | D:12     | Noticed a sphinx
 12372 | D:12     | Noticed an eight-headed hydra
 12372 | D:12     | Noticed tizbic2's ghost (journeyman DrGl)
 12373 | D:12     | Noticed a green ugly thing
 12395 | D:12     | Noticed an eight-headed hydra
 12403 | D:12     | Killed an eight-headed hydra
 12459 | D:12     | Noticed a cyan ugly thing
 12465 | D:12     | Reached skill level 5 in Fire Magic
 12465 | D:12     | Reached XP level 12. HP: 68/68 MP: 25/32
 12698 | Lair:1   | Entered Level 1 of the Lair of Beasts
 12756 | Lair:1   | You fall into a shaft and drop 1 floor!
 12802 | Lair:1   | Reached skill level 1 in Shields
 12814 | Lair:1   | Offered knowledge of Sticky Flame by Vehumet.
 13800 | Lair:1   | Noticed an eight-headed hydra
 13811 | Lair:1   | Killed an eight-headed hydra
 14105 | Lair:2   | Reached **** piety under Vehumet
 14445 | Lair:2   | Reached skill level 10 in Hexes
 14446 | Lair:2   | Found a hole to the Spider Nest.
 14464 | Lair:2   | Offered knowledge of Airstrike by Vehumet.
 14564 | Lair:2   | Noticed a boulder beetle
 14570 | Lair:2   | Killed a boulder beetle
 14689 | Lair:2   | Identified the +9 hand axe of Xodeihih {flame, Will+
                  | Stlth+}
 15341 | Lair:2   | Identified the +5 hand axe "Maral Pil" {vamp, *Rage rF++
                  | Str+6}
 15353 | Lair:2   | Identified the +1 short sword of Karma {drain, Fly rC+}
 15358 | Lair:2   | Identified the +0 pair of gloves of Hipn {Str+4}
 15547 | Lair:2   | Reached skill level 10 in Conjurations
 16009 | Lair:3   | Found a frozen archway.
 16018 | IceCv    | Entered an ice cave
 16219 | IceCv    | Reached XP level 13. HP: 72/72 MP: 21/33
 16530 | IceCv    | Got the Collected Works on the Lethal Blaze
 16534 | IceCv    | Identified the +5 whip "Zopushruu" {vorpal, Drain rElec
                  | Str+4}
 16539 | IceCv    | Identified the +12 shortbow of Woe {vorpal, rPois Will+
                  | Int-3 Stlth+}
 16576 | Lair:3   | Reached ***** piety under Vehumet
 16577 | Lair:3   | Offered knowledge of Starburst by Vehumet.
 17805 | Lair:4   | Found a dark tunnel.
 17818 | Volcano  | Entered a volcano
 18119 | Volcano  | Noticed a red draconian
 18139 | Volcano  | Killed a red draconian
 18416 | Volcano  | Found a bloodstained altar of Trog.
 19300 | Lair:4   | Reached skill level 15 in Spellcasting
 19358 | Lair:4   | Found a blossoming altar of Fedhas.
 19450 | Lair:4   | Found a glowing golden altar of the Shining One.
 19664 | Lair:4   | Found a staircase to the Shoals.
 20224 | Lair:1   | Learned a level 7 spell: Orb of Destruction
 20224 | Lair:1   | Upgraded the game from 0.27.1-4-g1640c2035a to
                  | 0.27.1-15-g792fb953b9
 20420 | Lair:5   | Reached XP level 14. HP: 80/80 MP: 35/35
 20466 | Lair:5   | Reached XP level 15. HP: 85/85 MP: 36/36
 20907 | Lair:5   | Offered knowledge of Hailstorm by Vehumet.
 21126 | Lair:5   | Reached skill level 10 in Stealth
 21126 | Lair:5   | Reached skill level 16 in Spellcasting
 22375 | Lair:5   | Identified the +0 chain mail "Hamuph" {Will+}
 23137 | D:13     | Found a gate to the Vaults.
 23138 | D:13     | You fall into a shaft and drop 2 floors!
 23138 | D:15     | Entered Level 15 of the Dungeon
 23873 | D:13     | Offered knowledge of Eringya's Noxious Bog by Vehumet.
 23973 | D:13     | Noticed Urug
 23987 | D:13     | Killed Urug
 24994 | D:12     | Killed a sphinx
 24995 | D:12     | Reached skill level 10 in Fire Magic
 24995 | D:12     | Killed tizbic2's ghost
 25064 | D:12     | Bought a scroll labelled DAF ALLO ERI for 28 gold pieces
 25064 | D:12     | Bought a scroll of identify for 56 gold pieces
 25757 | D:14     | Found Meibuow's Assorted Antiques.
 25760 | D:14     | Found a broken altar of Ashenzari.
 26474 | D:15     | Noticed Nessos
 26480 | D:15     | Killed Nessos
 26481 | D:15     | Reached XP level 16. HP: 60/92 MP: 37/38
 26780 | D:15     | Noticed Louise
 26783 | D:15     | Cast into level 2 of the Abyss (Louise)
 26998 | D:15     | Escaped the Abyss
 27421 | D:15     | Found a bloodstained altar of Trog.
 27983 | D:15     | Killed Louise
 28197 | D:15     | Found a staircase to the Depths.
 28634 | D:7      | Bought a scroll of amnesia for 80 gold pieces
 28634 | D:7      | Bought a scroll of teleportation for 69 gold pieces
 28695 | Orc:1    | Entered Level 1 of the Orcish Mines
 29117 | Orc:2    | Entered Level 2 of the Orcish Mines
 29852 | Orc:2    | Noticed Rupert
 29859 | Orc:2    | Killed Rupert
 30174 | Orc:2    | Found a staircase to the Elven Halls.
 30565 | Orc:2    | Offered knowledge of Ozocubu's Refrigeration by Vehumet.
 30578 | Orc:2    | Learned a level 7 spell: Ozocubu's Refrigeration
 30711 | Orc:2    | Found a radiant altar of Vehumet.
 30754 | Orc:2    | Found Lywe's Book Shop.
 30780 | Orc:2    | Noticed Nergalle
 30784 | Orc:2    | Killed Nergalle
 30962 | Orc:2    | Found an ancient bone altar of Kikubaaqudgha.
 30983 | Orc:2    | Found Pynnao's Distillery.
 30995 | Orc:2    | Bought a potion of haste for 150 gold pieces
 30995 | Orc:2    | Bought a potion of heal wounds for 75 gold pieces
 30995 | Orc:2    | Bought a potion of heal wounds for 75 gold pieces
 30995 | Orc:2    | Bought a potion of heal wounds for 75 gold pieces
 30995 | Orc:2    | Bought a potion of flight for 45 gold pieces
 31048 | Orc:2    | Found Jonk's Antique Armour Boutique.
 31061 | Orc:2    | Found Iteusatz's Distillery.
 31100 | Orc:2    | Bought a book of Iron for 576 gold pieces
 31107 | Orc:2    | Learned a level 6 spell: Iron Shot
 31368 | D:9      | Killed Golfball's ghost
 31697 | Orc:2    | Bought a pair of runed boots for 225 gold pieces
 31697 | Orc:2    | Bought a pair of runed boots for 225 gold pieces
 31886 | Spider:1 | Entered Level 1 of the Spider Nest
 32061 | Orc:2    | Bought a book of Armaments for 576 gold pieces
 32065 | Orc:2    | Learned a level 3 spell: Stone Arrow
 32248 | Spider:1 | Reached skill level 1 in Earth Magic
 32249 | Spider:1 | Reached skill level 1 in Ice Magic
 32608 | Spider:1 | HP: 4/92 [tarantella (13)]
 33419 | Spider:1 | Offered knowledge of Yara's Violent Unravelling by Vehumet.
 33759 | Spider:2 | Noticed Donald
 33763 | Spider:2 | Killed Donald
 33908 | Spider:2 | Reached skill level 5 in Ice Magic
 33908 | Spider:2 | Reached skill level 5 in Earth Magic
 34151 | Spider:2 | Reached XP level 17. HP: 83/96 MP: 39/39
 34637 | Spider:3 | Mangled by a wolf spider

Illustrated notes

Levels and vault maps discovered:
D:1:      lightli_arrival_statuegarden, layout_loops_ring, serial_bayou_pond_a
D:2:      layout_basic, minmay_misc_feat_x, grunt_ministairs_9
D:3:      layout_basic, chequers_ecumenical_altar_twisty, serial_shops,
          shop_fountains, shop, nicolae_shop_crystal, serial_bayou_lagoon_b,
          uniq_jessica
D:4:      wad_pebble_path, layout_basic
D:5:      layout_gridville, minmay_misc_feat_five, kennysheep_generic_room_8,
          uniq_edmund, uniq_prince_ribbit1, uniq_pikel
D:6:      minmay_razor_zed, layout_loops_ring, minmay_temple_entry_glass
D:7:      layout_basic, serial_shops, shop
D:8:      layout_cave_pools
D:9:      layout_roguey, grunt_dithmenos_smoke, elyvilon_altar_4,
          chequers_temple_overflow_statue_of_worship, yredelemnul_altar_generic,
          ebering_ghost_inner_flame, grunt_decor_fettered, uniq_erica,
          uniq_maggie, uniq_maurice, uniq_grum
D:10:     wander_river, layout_irregular_city, chei_slow_surprise, orc_0_dummy,
          uniq_joseph
D:11:     layout_rooms, erik_lair_orcish_takeover, gammafunk_ghost_mausoleum
D:12:     layout_roguey, ebering_ghost_gozag, kennysheep_potato
D:13:     layout_long_grid, erik_vaults_1, gauntlet_entry_generic, uniq_urug
D:14:     layout_gridville, serial_glass, glass_columns_c, glass_columns_b,
          serial_shops, nicolae_shop_overgrown_old_shop, ashenzari_altar_1
D:15:     grunt_enter_depths_magical_seal, layout_irregular_city,
          nicolae_twisting_strands, chequers_avenue, bloody_trog, uniq_nessos,
          uniq_louise
Temple:   kb_temple_of_zot
Lair:1:   layout_gridlike, roderic_batcave, serial_bayou_shore_b,
          grunt_megastairs_4
Lair:2:   layout_chaotic_city, nicolae_spider_entry_non_spiders,
          minmay_lair_oklob_chamber, serial_bayou_shore_b
Lair:3:   layout_hall_layers, special_room [special_room_bee],
          portal_ice_cave_entry_pillars_1, chequers_serial_rivers_small_3,
          chequers_serial_rivers_micro_c, serial_bayou_shore_b,
          grunt_megastairs_5
Lair:4:   wad_woods_stonehenge, layout_gridlike, elwin_shoals_entry_rooms,
          enter_volcano_2, basic_altar
Lair:5:   regret_index_tunnel_blossom, layout_regular_city,
          minmay_stone_trees_large
Spider:1: layout_spider_delve
Spider:2: layout_spider_delve, nicolae_spider_checkerboard, uniq_donald
Spider:3: layout_spider_delve
Orc:1:    layout_caves
Orc:2:    kennysheep_orc_mage_school, layout_caves, uniq_rupert

Skill      XL: |  1  2  3  4  5  6  7  8  9 10 11 12 13 14 15 16 17 |
---------------+----------------------------------------------------+-----
Spellcasting   | 4 5 6 7 9 12 14 15 16 | 16.0
Conjurations   | 5 6 7 9 10 12 14 | 14.0
Hexes          | 2 7 9 11 12 13 14 | 14.0
Translocations | 1 3 5 6 7 9 |  9.0
Fighting       | 2 5 6 7 |  7.0
Dodging        | 3 7 9 |  9.0
Evocations     | 4 5 6 7 |  7.0
Stealth        | 7 8 12 | 12.0
Fire Magic     | 5 7 11 12 | 12.0
Shields        | 4 |  4.0
Earth Magic    | 5 7 |  7.1
Ice Magic      | 5 7 |  7.0

Action                   |  1- 3 |  4- 6 |  7- 9 | 10-12 | 13-15 | 16-18 || total
-------------------------+-------+-------+-------+-------+-------+-------++-------
Melee: Hunting sling     |       |       |       |       |     2 |     1 ||     3
       Hand axe          |       |       |       |       |     1 |       ||     1
       Staff             |       |       |       |       |       |     1 ||     1
 Fire: Hunting sling     |       |    18 |    61 |    49 |    30 |    18 ||   176
Throw: Dart              |       |       |       |     2 |       |     4 ||     6
 Cast: Magic Dart        |    50 |     7 |     6 |    10 |    61 |    56 ||   190
       Searing Ray       |     4 |    26 |    50 |    92 |   109 |    34 ||   315
       Fulminant Prism   |       |       |    11 |   105 |    88 |    14 ||   218
       Iskenderun's Myst |       |       |     2 |    52 |    57 |    52 ||   163
       Iskenderun's Batt |       |       |       |     4 |    27 |    24 ||    55
       Fireball          |       |       |       |       |    29 |    89 ||   118
       Orb of Destructio |       |       |       |       |    36 |    25 ||    61
       Iron Shot         |       |       |       |       |       |    33 ||    33
       Stone Arrow       |       |       |       |       |       |    28 ||    28
Evoke: Wand              |       |       |       |     6 |       |       ||     6
  Use: Scroll            |       |     2 |     4 |    20 |     8 |     4 ||    38
       Potion            |       |       |     1 |     2 |     3 |     4 ||    10
 Stab: Sleeping          |       |       |       |       |     1 |       ||     1
Armor: Robe              |     1 |     4 |     3 |    14 |    14 |    57 ||    93
Dodge: Dodged            |       |    10 |     9 |    77 |   107 |   126 ||   329
Block: Buckler           |       |       |       |     3 |    35 |    38 ||    76
